 Dungeon Crawl Stone Soup version 0.23-a0-726-g9fa1570 (webtiles) character file.

12352 WhineyBeotch the Protected (level 12, -41/86 HPs)
             Began as a Formicid Venom Mage on Jan 16, 2019.
             Was a Priest of Cheibriados.
             Annihilated by an ettin
             ... wielding a +0 dire flail
              (44 damage)
             ... on level 15 of the Dungeon on Jan 17, 2019.
             The game lasted 01:15:56 (17071 turns).

WhineyBeotch the Protected (Formicid Venom Mage)   Turns: 17071, Time: 01:15:56

Health: -41/86     AC: 17    Str: 23    XL:     12   Next: 19%
Magic:  8/21       EV:  9    Int: 26    God:    Cheibriados [***...]
Gold:   458        SH:  4    Dex: 19    Spells: 13/23 levels left

rFire    + . .     SeeInvis +   j - +0 broad axe
rCold    . . .     Gourm    .   (no shield)
rNeg     . . .     Faith    .   G - +1 chain mail {rF+}
rPois    +         Spirit   .   (helmet unavailable)
rElec    .         Reflect  +   m - +2 cloak {rPois}
rCorr    .         Harm     .   (no gloves)
MR       +....                  (no boots)
Stlth    ..........             t - +4 amulet of reflection
HPRegen  0.24/turn              Q - ring of wizardry
MPRegen  0.17/turn              (no ring)

@: very slow
A: permanent stasis, dig shafts and tunnels, four strong arms, antennae 3
a: Dig, Shaft Self, Bend Time, Temporal Distortion, Renounce Religion


You were on level 15 of the Dungeon.
You worshipped Cheibriados.
Cheibriados was most pleased with you.
You were not hungry.

You visited 2 branches of the dungeon, and saw 13 of its levels.
You also visited: Ossuary.

You collected 458 gold pieces.

Inventory:

Hand Weapons
 f - a +2 scimitar of flaming
 g - the +3 whip of Ezxuesai {slash, rC+ Str+3}
   (You found it on level 6 of the Dungeon)

   It inflicts extra damage upon your enemies.
   It affects your strength (+3).
   It protects you from cold.
 j - a +0 broad axe (weapon)
 D - a +2 trident of freezing
 J - a +1 flail of protection
 M - a +0 battleaxe
Missiles
 d - 346 stones (quivered)
 P - 2 tomahawks
Armour
 a - a +0 robe
 b - the +0 chain mail "Vietyoh" {rPois MR++ MP+9 SInv}
   (You found it on level 13 of the Dungeon)

   It protects you from poison.
   It affects your resistance to hostile enchantments.
   It affects your magic capacity (+9).
   It lets you see invisible.
 e - a +0 leather armour
 h - a +0 ring mail
 m - a +2 cloak of poison resistance (worn)
 w - a scarf of repulsion
 z - the +0 leather armour of Weightlessness {rElec rCorr Str-4 Int+6}
   (You found it on level 4 of the Dungeon)

   It affects your strength (-4).
   It affects your intelligence (+6).
   It insulates you from electricity.
   It provides partial protection from all sources of acid and corrosion.
 G - a +1 chain mail of fire resistance (worn)
 K - a +0 shield
Jewellery
 t - a +4 amulet of reflection (around neck)
 B - an uncursed amulet of the acrobat
 Q - a ring of wizardry (left hand)
Wands
 E - a wand of digging (4)
 I - a wand of iceblast (4)
 N - a wand of flame (22)
Scrolls
 i - 5 scrolls of remove curse
 k - a scroll of noise {unknown}
 l - a scroll of amnesia {unknown}
 n - a scroll of enchant armour {unknown}
 p - 2 scrolls of fear {unknown}
 q - a scroll of blinking {unknown}
 r - a scroll of immolation {unknown}
 H - 2 scrolls of fog
 O - a scroll of silence {unknown}
 R - a scroll of enchant weapon {unknown}
Potions
 C - a potion of cancellation
 F - 2 potions of brilliance
Comestibles
 c - 14 rations


   Skills:
 + Level 5.2 Fighting
 * Level 7.8 Axes
 - Level 13.1 Armour
 - Level 1.7 Dodging
 - Level 2.4 Stealth
 - Level 0.4 Shields
 - Level 6.0 Spellcasting
 - Level 0.8 Conjurations
 - Level 3.0 Air Magic
 - Level 9.1 Poison Magic
 - Level 5.8 Invocations


You had 13 spell levels left.
You knew the following spells:

 Your Spells              Type           Power        Failure   Level  Hunger
a - Sting                 Conj/Pois      ####         1%          1    None
b - Poisonous Vapours     Pois/Air       #####.       1%          2    None
c - Mephitic Cloud        Conj/Pois/Air  ####....     7%          3    None
d - Olgreb's Toxic Radia  Pois           ######..     3%          4    ###....

Your spell library contained the following spells:

 Spells                   Type           Power        Failure   Level  Hunger
 Venom Bolt               Conj/Pois      ####......   41%         5    #####..


Dungeon Overview and Level Annotations

Branches:
Dungeon (15/15)            Temple (1/1) D:7            Lair (0/6) D:8
 Depths (0/5) D:15
    Orc: D:9-12      Vaults: D:13-14

Altars:
Ashenzari
Cheibriados
Dithmenos
Elyvilon
Gozag
Hepliaklqana
Kikubaaqudgha
Makhleb
Nemelex Xobeh
Okawaru
Qazlal
Ru
Sif Muna
Trog
Uskayaw
Vehumet
Wu Jian
Xom
Yredelemnul
Zin
The Shining One

Annotations:
D:1 exclusion: door
D:2 exclusion: downstairs
D:5 1 runed door
D:13 1 transporter


Innate Abilities, Weirdness & Mutations

You cannot be hasted, slowed, berserked, paralysed or teleported.
You can dig through walls and to a lower floor.
Your four strong arms can wield two-handed weapons with a shield.
You have a pair of large antennae on your head. (SInv)


Message History

Okay, then.
Evoke which item? (* to show all) (? for menu, Esc to quit)
Aiming: Iceblast
Press: ? - help, Shift-Dir - straight line
Okay, then.
Your chain mail prevents you from hitting the ettin.
The ettin is heavily wounded.
The ettin closely misses you. You block the ettin's attack.
You slash the ettin!
The ettin is severely wounded.
The ettin closely misses you.
The ettin hits you with a +0 great mace!
* * * LOW HITPOINT WARNING * * *
Unknown command.
You slash the ettin!
The ettin is severely wounded.
The ettin barely misses you.
The ettin hits you with a +0 great mace!!!
Ouch! That really hurt!
You die...

..# ###. ... ...
..# #.? ###
#.....#.. ......#..
......##.##### #
...........# #
....###.##C# #
###......@.# #
#..........#
########..........#
..........).......#
###..###..........#
.>#..# ###.......##
..#.### #.......#
..#...# #...)...#
.#.#.## ######..#


You could see an ettin.

Vanquished Creatures
  2 ogre magi (D:15)
  Pikel (D:4)
  4 ugly things (D:14)
  An orb spider (shapeshifter) (D:15)
  A deep elf mage (D:15)
  2 manticores
  An efreet (D:14)
  A komodo dragon (D:14)
  A yaktaur (D:15)
  A troll (D:6)
  A polar bear (shapeshifter) (D:14)
  A slime creature (D:14)
  2 hippogriffs
  Sigmund (D:5)
  A shadow (D:15)
  5 yaks (D:14)
  A hungry ghost (D:15)
  3 vampire mosquitoes (D:14)
  2 wargs (D:8)
  Edmund (D:6)
  A water moccasin (D:6)
  Duvessa (D:5)
  3 orc warriors
  A sky beast (D:4)
  2 ice beasts
  5 ogres
  A phantom (D:6)
  A crocodile (D:8)
  4 centaurs
  A big kobold (D:14)
  Blork the orc (D:4)
  2 bullfrogs
  A gnoll sergeant (D:5)
  Dowan (D:5)
  3 scorpions
  A wight (D:6)
  3 howler monkeys (D:7)
  6 crimson imps
  A bullfrog zombie (D:6)
  A bullfrog skeleton (D:7)
  6 hounds
  4 centaur zombies
  11 orc wizards
  Crazy Yiuf (D:4)
  3 orc priests
  An iguana (D:5)
  4 worker ants
  2 big kobold zombies (Ossuary)
  A hound skeleton (D:7)
  5 mummies (Ossuary)
  11 adders
  10 gnolls
  A shadow imp (D:7)
  An ooze (D:2)
  An adder skeleton (D:6)
  2 worms
  3 dart slugs
  7 leopard geckos
  22 orcs
  10 bats
  4 giant cockroaches
  8 goblins
  8 hobgoblins
  19 jackals
  2 quokkas
  6 ball pythons
  5 frilled lizards
  5 hobgoblin zombies (Ossuary)
  4 jackal skeletons
  A jackal zombie (D:6)
  12 kobolds
  A quokka skeleton (D:5)
  7 rats
261 creatures vanquished.

Vanquished Creatures (others)
  A slave (D:4)
  An orc priest (D:4)
  A centaur skeleton (D:4)
  An orc wizard (D:4)
  A gnoll (D:4)
  4 orcs (D:4)
  A giant cockroach (D:4)
  17 plants (D:15)
27 creatures vanquished.

Grand Total: 288 creatures vanquished

Notes
Turn   | Place    | Note
-------+----------+-------------------------------------------
     0 | D:1      | WhineyBeotch the Formicid Venom Mage began the quest for
                  | the Orb.
     0 | D:1      | Reached XP level 1. HP: 13/13 MP: 3/3
   536 | D:1      | Reached XP level 2. HP: 12/19 MP: 0/5
   750 | D:1      | Learned a level 2 spell: Poisonous Vapours
   975 | D:1      | Reached XP level 3. HP: 13/24 MP: 4/7
  2064 | D:2      | Reached skill level 1 in Armour
  2269 | D:2      | Reached skill level 1 in Axes
  2269 | D:2      | Reached XP level 4. HP: 31/31 MP: 8/8
  3608 | D:2      | Reached skill level 1 in Air Magic
  3612 | D:2      | Reached XP level 5. HP: 23/36 MP: 9/9
  3731 | D:3      | Reached skill level 2 in Armour
  4068 | D:3      | Learned a level 3 spell: Mephitic Cloud
  4752 | D:3      | Reached skill level 5 in Poison Magic
  5071 | D:4      | Reached skill level 1 in Fighting
  5082 | D:4      | Reached XP level 6. HP: 21/43 MP: 1/10
  5292 | D:4      | Noticed a slave
  5292 | D:4      | Noticed a slave
  5293 | D:4      | Noticed Pikel
  5293 | D:4      | Noticed a slave
  5294 | D:4      | Noticed a slave
  5313 | D:4      | Killed Pikel
  5313 | D:4      | Reached skill level 3 in Armour
  5313 | D:4      | Reached XP level 7. HP: 31/50 MP: 0/12
  5407 | D:4      | Learned a level 4 spell: Olgreb's Toxic Radiance
  5425 | D:4      | Noticed Blork the orc
  5438 | D:4      | Killed Blork the orc
  5438 | D:4      | Reached XP level 8. HP: 25/56 MP: 1/13
  6021 | D:4      | Got a dazzling leather armour
  6032 | D:4      | Identified the cursed +0 leather armour of Weightlessness
                  | {rElec rCorr Str-4 Int+6} (You found it on level 4 of the
                  | Dungeon)
  6374 | D:4      | Found a runed door.
  6936 | D:4      | Noticed Crazy Yiuf
  6941 | D:4      | Killed Crazy Yiuf
  7081 | D:5      | Entered Level 5 of the Dungeon
  7102 | D:4      | Reached skill level 4 in Armour
  7268 | D:5      | Noticed Sigmund
  7274 | D:5      | Killed Sigmund
  7321 | D:5      | Reached XP level 9. HP: 55/62 MP: 1/16
  7439 | D:5      | Found a sparkling altar of Nemelex Xobeh.
  7565 | D:5      | Noticed Duvessa
  7566 | D:5      | Noticed Dowan
  7574 | D:5      | Killed Duvessa
  7574 | D:5      | Reached skill level 5 in Armour
  7574 | D:5      | Reached skill level 5 in Spellcasting
  7581 | D:5      | Killed Dowan
  7597 | D:5      | Found a glowing golden altar of the Shining One.
  7597 | D:5      | Found a runed door.
  7597 | D:5      | Noticed an angel
  8641 | D:6      | Noticed Edmund
  8661 | D:6      | Killed Edmund
  8734 | D:6      | Found a sand-covered staircase.
  8768 | D:6      | Found an ancient bone altar of Kikubaaqudgha.
  8805 | Ossuary  | Entered an ossuary
  8837 | Ossuary  | Reached skill level 6 in Armour
 10029 | D:6      | Got a transparent whip
 10030 | D:6      | Identified the cursed +3 whip of Ezxuesai {slash, rC+
                  | Str+3} (You found it on level 6 of the Dungeon)
 10723 | D:6      | Noticed a troll
 10737 | D:6      | Killed a troll
 10737 | D:6      | Reached skill level 7 in Armour
 10737 | D:6      | Reached XP level 10. HP: 43/71 MP: 9/19
 11450 | D:7      | Found a staircase to the Ecumenical Temple.
 11460 | D:7      | Reached skill level 8 in Armour
 11470 | Temple   | Entered the Ecumenical Temple
 11581 | Temple   | Became a worshipper of Cheibriados the Contemplative
 11687 | D:7      | Reached skill level 9 in Armour
 12352 | D:7      | Reached * piety under Cheibriados
 12480 | D:7      | Found a bloodstained altar of Trog.
 12480 | D:7      | Found a radiant altar of Vehumet.
 12769 | D:8      | Reached skill level 10 in Armour
 12878 | D:8      | Reached skill level 1 in Invocations
 13361 | D:8      | Found a staircase to the Lair.
 13476 | D:8      | Reached ** piety under Cheibriados
 13623 | D:8      | Found a hazy altar of Hepliaklqana.
 13689 | D:8      | You fall through a shaft for 2 floors!
 13689 | D:10     | Entered Level 10 of the Dungeon
 13693 | D:10     | You fall through a shaft for 3 floors!
 13949 | D:13     | Noticed a kobold demonologist
 13949 | D:13     | Noticed a cyclops
 13952 | D:13     | Found a transporter.
 13952 | D:13     | Noticed a salamander
 13952 | D:13     | Noticed a kobold demonologist
 13953 | D:13     | Noticed a two-headed ogre
 13954 | D:13     | Got a crude chain mail
 13957 | D:13     | You are sucked into a shaft for 2 floors!
 13957 | D:15     | Entered Level 15 of the Dungeon
 13968 | D:15     | Identified the +0 chain mail "Vietyoh" {rPois MR++ MP+9
                  | SInv} (You found it on level 13 of the Dungeon)
 14026 | D:14     | Noticed a komodo dragon
 14143 | D:14     | Killed a komodo dragon
 14143 | D:14     | Reached skill level 11 in Armour
 14230 | D:14     | Reached XP level 11. HP: 28/77 MP: 20/20
 14697 | D:14     | HP: 3/77 [polar bear (shapeshifter) (2)]
 15110 | D:14     | Noticed a manticore
 15134 | D:14     | Killed a manticore
 15134 | D:14     | Reached skill level 12 in Armour
 15230 | D:14     | Noticed a red ugly thing
 15232 | D:14     | Noticed a red ugly thing
 15237 | D:14     | Noticed a red ugly thing
 15241 | D:14     | Noticed a red ugly thing
 15243 | D:14     | Killed a white ugly thing
 15253 | D:14     | Killed a red ugly thing
 15257 | D:14     | Killed a cyan ugly thing
 15262 | D:14     | Killed a cyan ugly thing
 15262 | D:14     | Reached *** piety under Cheibriados
 15262 | D:14     | Reached skill level 5 in Invocations
 15676 | D:14     | Reached skill level 13 in Armour
 15826 | D:14     | Reached skill level 5 in Axes
 16125 | D:14     | You fall through a shaft!
 16333 | D:15     | Noticed an ogre mage
 16333 | D:15     | Noticed an orb spider
 16343 | D:15     | Killed an orb spider
 16344 | D:15     | Killed an ogre mage
 16346 | D:15     | Noticed an ettin
 16568 | D:15     | Noticed a deep elf mage
 16570 | D:15     | Noticed an ogre mage
 16582 | D:15     | Killed a deep elf mage
 16582 | D:15     | Reached XP level 12. HP: 45/84 MP: 8/21
 16583 | D:15     | Killed an ogre mage
 16583 | D:15     | Reached skill level 5 in Fighting
 16751 | D:15     | Found a staircase to the Depths.
 17070 | D:15     | HP: 3/86 [ettin/+0 dire flail (10)]
 17071 | D:15     | Annihilated by an ettin

Vault maps used:
D:1:      psy_arrival_terrarium, nrook_mini_vaults
D:3:      first_ration
D:4:      uniq_pikel, uniq_crazy_yiuf_cottage, uniq_blork_the_orc
D:5:      basic_altar, minmay_statues_item, lemuel_angel_altar, uniq_sigmund,
          uniq_duvessa
D:6:      kiku_gazebo_pond_becter, enter_ossuary_3,
          corexii_item_surrounded_by_moat, minmay_manual_monstrance, uniq_edmund
D:7:      gammafunk_temple_overflow_wave, minmay_temple_entry_enclosed_plants
D:8:      lemuel_coloured_pillars_altar, erik_lair_orcish_takeover,
          serial_shops, nicolae_shop_competitors_out_of_business
D:10:     gammafunk_ghost_icy, serial_bayou, serial_bayou_lagoon_a,
          serial_bayou_crossing, serial_bayou_pond_c, serial_bayou_ford_a
D:13:     gammafunk_sealed_library, david_vaults_2, serial_shops,
          kennysheep_mini_moat
D:14:     hangedman_abyss_or_decor_passed, uniq_josephine
D:15:     hangedman_depths_entry_civil_slaughter, chequers_big_river
Temple:   regret_index_temple_mists
Ossuary:  ossuary_the_hunt_dpeg

Skill      XL: |  1  2  3  4  5  6  7  8  9 10 11 12 |
---------------+-------------------------------------+-----
Armour         | 1 2 3 4 7 11 13 | 13.1
Axes           | 1 2 3 4 6 7 |  7.8
Air Magic      | 1 2 3 |  3.0
Spellcasting   | 3 4 6 |  6.0
Poison Magic   | 5 6 8 9 |  9.1
Fighting       | 1 2 3 4 5 |  5.2
Invocations    | 3 5 |  5.8
Dodging        | |  1.7
Stealth        | |  2.4
Shields        | |  0.4
Conjurations   | |  0.8

Action                   |  1- 3 |  4- 6 |  7- 9 | 10-12 || total
-------------------------+-------+-------+-------+-------++-------
Melee: Hand axe          |    91 |   238 |    11 |       ||   340
       Whip              |       |       |   235 |   386 ||   621
       Broad axe         |       |       |    66 |    30 ||    96
       Flail             |       |       |    56 |       ||    56
       Trident           |       |       |       |    12 ||    12
Throw: Stone             |       |       |       |     4 ||     4
       Tomahawk          |       |       |       |     2 ||     2
 Cast: Sting             |     7 |       |     4 |     9 ||    20
       Poisonous Vapours |     5 |    24 |    73 |    68 ||   170
       Mephitic Cloud    |       |       |     1 |       ||     1
       Olgreb's Toxic Ra |       |       |       |    22 ||    22
Invok: Bend Time         |       |       |       |     2 ||     2
 Abil: Shaft Self        |       |       |       |     4 ||     4
       Dig               |       |       |       |     3 ||     3
Evoke: Wand              |       |       |       |    13 ||    13
  Use: Scroll            |       |       |    10 |     5 ||    15
       Potion            |       |       |     6 |     6 ||    12
 Stab: Sleeping          |     1 |     2 |       |       ||     3
       Distracted        |       |       |       |     1 ||     1
  Eat: Chunk             |     5 |    11 |    13 |    12 ||    41
       Ration            |       |       |     2 |     2 ||     4
Armor: Leather armour    |    26 |       |       |     1 ||    27
       Robe              |     1 |       |       |       ||     1
       Ring mail         |     6 |   104 |    43 |       ||   153
       Chain mail        |       |       |   193 |   273 ||   466
Dodge: Dodged            |    60 |   162 |   161 |   164 ||   547
Block: Other             |       |    14 |    61 |    83 ||   158
       Reflection        |       |       |     2 |     6 ||     8
       Shield            |       |       |       |    30 ||    30

Table legend:
 A = Non-vault XP
 B = Vault XP
 C = Vault XP percentage of total XP
 D = Non-vault monster count
 E = Vault monster count
 F = Vault count percentage of total count
                 A         B        C        D         E       F
            +---------+---------+-------+---------+---------+-------
      Total |   11531 |    6116 |  34.7 |     221 |      41 |  15.6
            +---------+---------+-------+---------+---------+-------
        D:1 |      46 |       0 |   0.0 |      23 |       0 |   0.0
        D:2 |      89 |       0 |   0.0 |      32 |       0 |   0.0
        D:3 |      76 |       0 |   0.0 |      23 |       0 |   0.0
        D:4 |     656 |     788 |  54.6 |      24 |       3 |  11.1
        D:5 |     407 |     436 |  51.7 |      23 |       3 |  11.5
        D:6 |     717 |     675 |  48.5 |      15 |       6 |  28.6
        D:7 |    1406 |       0 |   0.0 |      31 |       0 |   0.0
        D:8 |     862 |     659 |  43.3 |      14 |      10 |  41.7
       D:14 |    6201 |       0 |   0.0 |      30 |       0 |   0.0
       D:15 |    1071 |    3330 |  75.7 |       6 |       5 |  45.5
    Ossuary |       0 |     228 | 100.0 |       0 |      14 | 100.0
            +---------+---------+-------+---------+---------+-------
